 Dungeon Crawl Stone Soup version 0.22.0-38-g04b72b8 (webtiles) character file.

121 Lew the Ducker (level 5, -1/47 HPs)
             Began as a Gnoll Monk on Aug 27, 2018.
             Slain by Crazy Yiuf
             ... wielding a +2 quarterstaff of chaos
              (3 damage)
             ... on level 2 of the Dungeon.
             The game lasted 00:03:12 (2113 turns).

Lew the Ducker (Gnoll Monk)                         Turns: 2113, Time: 00:03:13

Health: -1/47      AC:  9    Str: 14    XL:     5   Next: 5%
Magic:  6/6        EV:  9    Int: 12    God:
Gold:   88         SH:  0    Dex: 18    Spells: 6/6 levels left

rFire    + . .     SeeInvis +   a - +0 falchion
rCold    + . .     Gourm    +   (no shield)
rNeg     . . .     Faith    .   j - +1 chain mail {rC+}
rPois    .         Spirit   .   (no helmet)
rElec    .         Reflect  .   (no cloak)
rCorr    .         Harm     .   (no gloves)
MR       .....                  (no boots)
Stlth    ..........             e - amulet of the gourmand
HPRegen  0.15/turn              f - ring of see invisible
MPRegen  0.10/turn              h - ring of protection from fire

@: lethally poisoned (-1 -> -3), drained
A: distributed training, fangs 1, strong nose
a: no special abilities


You were on level 2 of the Dungeon.
You were not hungry.

You visited 1 branch of the dungeon, and saw 2 of its levels.

You collected 88 gold pieces.

Inventory:

Hand Weapons
 a - a +0 falchion (weapon)
Armour
 j - a +1 chain mail of cold resistance (worn)
Jewellery
 e - an amulet of the gourmand (around neck)
 f - a ring of see invisible (left hand)
 h - a ring of protection from fire (right hand)
Scrolls
 b - 3 scrolls of teleportation {unknown}
 d - a scroll of identify
 k - a scroll of blinking {unknown}
 l - a scroll of amnesia {unknown}
Potions
 g - 2 potions of heal wounds
 i - a potion of resistance {unknown}
 m - a potion of invisibility
 n - 2 potions of curing {unknown}
Comestibles
 c - 7 rations


   Skills:
 + Level 6.6(6.3) Fighting
 + Level 1.3(1.0) Short Blades
 + Level 6.6(6.3) Long Blades
 + Level 1.3(1.0) Axes
 + Level 1.3(1.0) Maces & Flails
 + Level 1.3(1.0) Polearms
 + Level 1.3(1.0) Staves
 + Level 1.3(1.0) Slings
 + Level 1.3(1.0) Bows
 + Level 1.3(1.0) Crossbows
 + Level 1.3(1.0) Throwing
 + Level 1.3(1.0) Armour
 + Level 6.6(6.3) Dodging
 + Level 4.3(4.0) Stealth
 + Level 1.3(1.0) Shields
 + Level 1.3(1.0) Unarmed Combat
 + Level 1.3(1.0) Spellcasting
 + Level 1.0(0.8) Conjurations
 + Level 1.0(0.8) Hexes
 + Level 1.0(0.8) Charms
 + Level 1.0(0.8) Summonings
 + Level 1.0(0.8) Necromancy
 + Level 1.0(0.8) Translocations
 + Level 1.0(0.8) Transmutations
 + Level 1.0(0.8) Fire Magic
 + Level 1.0(0.8) Ice Magic
 + Level 1.0(0.8) Air Magic
 + Level 1.0(0.8) Earth Magic
 + Level 1.0(0.8) Poison Magic
 + Level 1.4(1.2) Invocations
 + Level 1.3(1.0) Evocations


You had 6 spell levels left.
You didn't know any spells.
Your spell library was empty.

Dungeon Overview and Level Annotations

Branches:
Dungeon (2/15)

Altars:

Annotations:
D:2 Crazy Yiuf


Innate Abilities, Weirdness & Mutations

Your experience applies equally to all skills.
You have very sharp teeth.
Your uncanny sense of smell can sniff out nearby items.


Message History

* * * LOW HITPOINT WARNING * * *
You feel drained.
* * * LOW HITPOINT WARNING * * *
You feel less confused.
* * * LOW HITPOINT WARNING * * *
You feel sick. Crazy Yiuf barely misses you.
You riposte.
You slash Crazy Yiuf!
Crazy Yiuf is moderately wounded.
Crazy Yiuf closely misses you.
You riposte.
You hit Crazy Yiuf. You bite Crazy Yiuf, but do no damage.
Crazy Yiuf is heavily wounded.
You see here a mace.
You hit Crazy Yiuf. Your bite misses Crazy Yiuf.
Crazy Yiuf is severely wounded.
* * * LOW HITPOINT WARNING * * *
You feel sick.
Unknown command.
You closely miss Crazy Yiuf.
Crazy Yiuf is severely wounded.
Crazy Yiuf hits you with a quarterstaff of chaos.
You die...

#########.#....#.
#^........#..#...
#.#########...###
#.# #####.#.# #
#.# #.....#.###
### #.#####....
#.# #..... #####
#.## #..... #@..#
#..###..#.. #g..#
#.#.##..... #...#
#........## ##'##
#.#.####.# #.##
#..## #.# ##.#
#.## #.# #.##
#..# #.# ##.#
##.#####.## ##.##
##.........


You could see Crazy Yiuf.

Vanquished Creatures
  Jessica (D:2)
  3 adders (D:2)
  An ooze (D:2)
  4 worms (D:2)
  2 dart slugs
  4 giant cockroaches
  5 goblins
  6 hobgoblins
  6 jackals (D:1)
  4 kobolds
  4 bats
  6 frilled lizards
  3 rats (D:1)
49 creatures vanquished.

Notes
Turn   | Place    | Note
-------+----------+-------------------------------------------
     0 | D:1      | Lew the Gnoll Monk began the quest for the Orb.
     0 | D:1      | Reached XP level 1. HP: 23/23 MP: 1/1
    14 | D:1      | You fall through a shaft!
    41 | D:2      | Reached XP level 2. HP: 29/29 MP: 2/2
   564 | D:2      | Reached XP level 3. HP: 31/35 MP: 3/3
   593 | D:2      | Noticed Jessica
   604 | D:2      | Killed Jessica
   604 | D:2      | Reached skill level 1 in Invocations
   794 | D:2      | Reached skill level 1 in Short Blades
   794 | D:2      | Reached skill level 1 in Axes
   794 | D:2      | Reached skill level 1 in Maces & Flails
   794 | D:2      | Reached skill level 1 in Polearms
   794 | D:2      | Reached skill level 1 in Staves
   794 | D:2      | Reached skill level 1 in Slings
   794 | D:2      | Reached skill level 1 in Bows
   794 | D:2      | Reached skill level 1 in Crossbows
   794 | D:2      | Reached skill level 1 in Throwing
   794 | D:2      | Reached skill level 1 in Armour
   794 | D:2      | Reached skill level 1 in Shields
   794 | D:2      | Reached skill level 1 in Unarmed Combat
   794 | D:2      | Reached skill level 1 in Spellcasting
   794 | D:2      | Reached skill level 1 in Evocations
   794 | D:2      | Reached XP level 4. HP: 27/41 MP: 5/5
  1255 | D:1      | Reached skill level 1 in Conjurations
  1255 | D:1      | Reached skill level 1 in Hexes
  1255 | D:1      | Reached skill level 1 in Charms
  1255 | D:1      | Reached skill level 1 in Summonings
  1255 | D:1      | Reached skill level 1 in Necromancy
  1255 | D:1      | Reached skill level 1 in Translocations
  1255 | D:1      | Reached skill level 1 in Transmutations
  1255 | D:1      | Reached skill level 1 in Fire Magic
  1255 | D:1      | Reached skill level 1 in Ice Magic
  1255 | D:1      | Reached skill level 1 in Air Magic
  1255 | D:1      | Reached skill level 1 in Earth Magic
  1255 | D:1      | Reached skill level 1 in Poison Magic
  1731 | D:1      | Reached XP level 5. HP: 47/47 MP: 6/6
  1876 | D:2      | Found a runed door.
  2098 | D:2      | Noticed Crazy Yiuf
  2100 | D:2      | Paralysed by Crazy Yiuf for 7 turns
  2109 | D:2      | HP: 2/47 [poisoned by Crazy Yiuf]
  2113 | D:2      | Slain by Crazy Yiuf

Skill      XL: |  1  2  3  4 |
---------------+-------------+-----
Invocations    | 1 |  1.4
Short Blades   | 1 |  1.3
Axes           | 1 |  1.3
Maces & Flails | 1 |  1.3
Polearms       | 1 |  1.3
Staves         | 1 |  1.3
Slings         | 1 |  1.3
Bows           | 1 |  1.3
Crossbows      | 1 |  1.3
Throwing       | 1 |  1.3
Armour         | 1 |  1.3
Shields        | 1 |  1.3
Unarmed Combat | 1 |  1.3
Spellcasting   | 1 |  1.3
Evocations     | 1 |  1.3
Conjurations   | 1 |  1.0
Hexes          | 1 |  1.0
Charms         | 1 |  1.0
Summonings     | 1 |  1.0
Necromancy     | 1 |  1.0
Translocations | 1 |  1.0
Transmutations | 1 |  1.0
Fire Magic     | 1 |  1.0
Ice Magic      | 1 |  1.0
Air Magic      | 1 |  1.0
Earth Magic    | 1 |  1.0
Poison Magic   | 1 |  1.0
Fighting       | |  6.6
Long Blades    | |  6.6
Dodging        | |  6.6
Stealth        | |  4.3

Action                   |  1- 3 |  4- 6 || total
-------------------------+-------+-------++-------
Melee: Falchion          |    58 |   118 ||   176
       Bite              |    13 |    15 ||    28
       Punch             |       |     1 ||     1
  Use: Potion            |       |     5 ||     5
       Scroll            |       |     2 ||     2
 Stab: Sleeping          |     4 |     4 ||     8
  Eat: Chunk             |       |     4 ||     4
Armor: Robe              |     4 |     9 ||    13
       Chain mail        |       |    16 ||    16
Dodge: Dodged            |    31 |    75 ||   106
       Rpst.: Falchion   |    15 |    26 ||    41
